SA
LEVITTOWN BLUE DRAGONS @ DELAWARE 1787 BC
07/14/2042
 
TOP OF THE 1ST
Levittown Blue Dragons batting - Pitching for Delaware 1787 BC : RHP Foeke Reus
Pitching: RHP Foeke Reus
Batting: LHB Josh Hall 0-0: Foul Ball, location: 2F
0-1: Ball
1-1: Called Strike
1-2: Ball
2-2: Foul Ball, location: 2F
2-2: Foul Ball, location: 2F
2-2: Foul Ball, location: 2F
2-2: Ball
3-2: Ground out 5-3 (Groundball, 5, EV 94.4 MPH)
Batting: LHB Ernesto Valenzuela 0-0: Called Strike
0-1: Bunted foul
0-2: Ball
1-2: Foul Ball, location: 2F
1-2: Strikes out swinging
Batting: RHB Frans Lissenberg 0-0: Ball
1-0: Ball
2-0: Swinging Strike
2-1: Called Strike
2-2: Strikes out looking
Top of the 1st over - 0 runs, 0 hits, 0 errors, 0 left on base; Levittown 0 - Delaware 0
BOTTOM OF THE 1ST
Delaware 1787 BC batting - Pitching for Levittown Blue Dragons : RHP Edward Martin
Pitching: RHP Edward Martin
Batting: RHB Mhelter Tejano 0-0: Foul Ball, location: 2F
0-1: Ball
1-1: Ball
2-1: SINGLE (Groundball, 34S, EV 86.2 MPH) (infield hit)
Batting: LHB Luis Concepción 0-0: Foul Ball, location: 2F
0-1: Fielders Choice at 2nd, 4-6 (Groundball, 4, EV 80.6 MPH)
Batting: RHB Eduardo Lucciardi 0-0: Swinging Strike
0-1: Swinging Strike
0-2: Ball
1-2: Ball
2-2: Strikes out swinging
Batting: LHB Chandler Schroeder 0-0: Ball
1-0: Called Strike
1-1: Ball
2-1: SINGLE (Line Drive, 8RS, EV 95.6 MPH)
Luis Concepción to second
Runner from 2nd tries for 3rd, SAFE, throw by CF made to third
Batting: RHB Justin Schock 0-0: Called Strike
0-1: Swinging Strike
0-2: Strikes out swinging
Bottom of the 1st over - 0 runs, 2 hits, 0 errors, 2 left on base; Levittown 0 - Delaware 0
TOP OF THE 2ND
Levittown Blue Dragons batting - Pitching for Delaware 1787 BC : RHP Foeke Reus
Batting: LHB Rafael Soto 0-0: Called Strike
0-1: Ball
1-1: Ground out 4-3 (Groundball, 4, EV 79.4 MPH)
Batting: RHB Kent Luper 0-0: Ball
1-0: Foul Ball, location: 2F
1-1: Swinging Strike
1-2: Strikes out swinging
Batting: LHB Norm Williams 0-0: Called Strike
0-1: SINGLE (Line Drive, 56, EV 95.6 MPH)
Batting: RHB Aaron Attyte 0-0: SINGLE (Groundball, 6MD, EV 96.2 MPH)
Norm Williams to second
Runner from 2nd tries for 3rd, SAFE, throw by CF made to third
Batting: SHB Daniel Washington 0-0: Ball
1-0: Called Strike
1-1: Swinging Strike
1-2: Foul Ball, location: 2F
1-2: Strikes out looking
Top of the 2nd over - 0 runs, 2 hits, 0 errors, 2 left on base; Levittown 0 - Delaware 0
BOTTOM OF THE 2ND
Delaware 1787 BC batting - Pitching for Levittown Blue Dragons : RHP Edward Martin
Batting: RHB Julián Zambrano 0-0: DOUBLE (Line Drive, 78D, EV 108.8 MPH)
Batting: RHB Brian Thomas 0-0: Ball
1-0: Ball
2-0: Called Strike
2-1: Foul Ball, location: 2F
2-2: Foul Ball, location: 2F
2-2: SINGLE (Groundball, 4D, EV 98.8 MPH)
Julián Zambrano to third
Batting: RHB Gabriel López 0-0: Called Strike
0-1: Foul Ball, location: 2F
0-2: Ball
1-2: Foul Ball, location: 2F
1-2: Strikes out swinging
Batting: LHB Brian Webb 0-0: Ball
1-0: Ball
2-0: Ball
3-0: Base on Balls
Brian Thomas to second
Batting: RHB Mhelter Tejano 0-0: Ball
1-0: Foul Ball, location: 2F
1-1: Swinging Strike
1-2: Strikes out swinging
Batting: LHB Luis Concepción 0-0: Ball
1-0: Ball
Wild Pitch!
Julián Zambrano scores
Brian Thomas to third
Brian Webb to second
2-0: Called Strike
2-1: Swinging Strike
2-2: Ball
3-2: Strikes out swinging
Bottom of the 2nd over - 1 run, 2 hits, 0 errors, 2 left on base; Levittown 0 - Delaware 1
TOP OF THE 3RD
Levittown Blue Dragons batting - Pitching for Delaware 1787 BC : RHP Foeke Reus
Batting: RHB Eugene Parker 0-0: Foul Ball, location: 2F
0-1: Ball
1-1: Foul Ball, location: 2F
1-2: Ground out 1-3 (Groundball, P, EV 62.5 MPH)
Batting: LHB Josh Hall 0-0: Ball
1-0: Ball
2-0: Called Strike
2-1: Called Strike
2-2: Strikes out looking
Batting: LHB Ernesto Valenzuela 0-0: Swinging Strike
0-1: Foul Ball, location: 2F
0-2: Strikes out swinging
Top of the 3rd over - 0 runs, 0 hits, 0 errors, 0 left on base; Levittown 0 - Delaware 1
BOTTOM OF THE 3RD
Delaware 1787 BC batting - Pitching for Levittown Blue Dragons : RHP Edward Martin
Batting: RHB Eduardo Lucciardi 0-0: Swinging Strike
0-1: Ball
1-1: Ball
2-1: Ball
3-1: DOUBLE (Flyball, 8LXD, EV 108.1 MPH) - OUT at third base trying to stretch hit.
Batting: LHB Chandler Schroeder 0-0: Ball
1-0: Fly out, F8 (Flyball, 78M, EV 72.5 MPH)
Batting: RHB Justin Schock 0-0: Ball
1-0: Ball
2-0: Foul Ball, location: 2F
2-1: Foul Ball, location: 2F
2-2: Strikes out looking
Bottom of the 3rd over - 0 runs, 1 hit, 0 errors, 0 left on base; Levittown 0 - Delaware 1
TOP OF THE 4TH
Levittown Blue Dragons batting - Pitching for Delaware 1787 BC : RHP Foeke Reus
Batting: RHB Frans Lissenberg 0-0: Foul Ball, location: 2F
0-1: Ball
1-1: Foul Ball, location: 2F
1-2: Strikes out swinging
Batting: LHB Rafael Soto 0-0: Ball
1-0: Ball
2-0: Foul Ball, location: 2F
2-1: Swinging Strike
2-2: Ball
3-2: Fly out, F7 (Flyball, 7S, EV 90.0 MPH)
Batting: RHB Kent Luper 0-0: Ball
1-0: Called Strike
1-1: Ball
2-1: Ground out 6-3 (Groundball, 6, EV 101.9 MPH)
Top of the 4th over - 0 runs, 0 hits, 0 errors, 0 left on base; Levittown 0 - Delaware 1
BOTTOM OF THE 4TH
Delaware 1787 BC batting - Pitching for Levittown Blue Dragons : RHP Edward Martin
Batting: RHB Julián Zambrano 0-0: Ball
1-0: Fly out, F4 (Popup, 3S, EV 83.1 MPH)
Batting: RHB Brian Thomas 0-0: Ball
1-0: Foul Ball, location: 2F
1-1: SINGLE (Groundball, 34D, EV 98.8 MPH)
Batting: RHB Gabriel López 0-0: Ball
1-0: Foul Ball, location: 2F
1-1: Swinging Strike
1-2: Foul Ball, location: 2F
1-2: Ball
2-2: Foul Ball, location: 2F
2-2: Strikes out swinging
Batting: LHB Brian Webb 0-0: Called Strike
0-1: Called Strike
0-2: Ball
1-2: Strikes out swinging
Bottom of the 4th over - 0 runs, 1 hit, 0 errors, 1 left on base; Levittown 0 - Delaware 1
TOP OF THE 5TH
Levittown Blue Dragons batting - Pitching for Delaware 1787 BC : RHP Foeke Reus
Batting: LHB Norm Williams 0-0: Ball
1-0: Ball
2-0: Ball
3-0: Called Strike
3-1: SINGLE (Flyball, 89S, EV 85.6 MPH)
Batting: RHB Aaron Attyte 0-0: Bunt - Flyout to P! F1
Batting: SHB Daniel Washington 0-0: Swinging Strike
0-1: Ball
1-1: Foul Ball, location: 2F
1-2: Strikes out looking
Batting: RHB Eugene Parker 0-0: Called Strike
Norm Williams is caught stealing 2nd base 2-4
Top of the 5th over - 0 runs, 1 hit, 0 errors, 0 left on base; Levittown 0 - Delaware 1
BOTTOM OF THE 5TH
Delaware 1787 BC batting - Pitching for Levittown Blue Dragons : RHP Edward Martin
Batting: RHB Mhelter Tejano 0-0: Ball
1-0: Called Strike
1-1: Swinging Strike
1-2: Foul Ball, location: 2F
1-2: Strikes out looking
Batting: LHB Luis Concepción 0-0: Ball
1-0: Ball
2-0: Ball
3-0: Called Strike
3-1: Called Strike
3-2: Ground out 6-3 (Groundball, 6, EV 76.2 MPH)
Batting: RHB Eduardo Lucciardi 0-0: Foul Ball, location: 2F
0-1: Ball
1-1: Foul Ball, location: 2F
1-2: Ball
2-2: Strikes out swinging
Bottom of the 5th over - 0 runs, 0 hits, 0 errors, 0 left on base; Levittown 0 - Delaware 1
TOP OF THE 6TH
Levittown Blue Dragons batting - Pitching for Delaware 1787 BC : RHP Foeke Reus
Batting: RHB Eugene Parker 0-0: Ball
1-0: Swinging Strike
1-1: SINGLE (Groundball, 34D, EV 97.5 MPH)
Batting: LHB Josh Hall 0-0: Sac Bunt to 23 - play at first, batter OUT! 3-4
Eugene Parker to second
Batting: LHB Ernesto Valenzuela 0-0: Called Strike
0-1: Ball
1-1: Foul Ball, location: 2F
1-2: Ball
2-2: SINGLE (Groundball, 4MD, EV 103.8 MPH)
Eugene Parker to third
Runner from 3rd tries for Home, SAFE, throw by CF to home
Batting: RHB Frans Lissenberg 0-0: Ball
1-0: Ball
2-0: Called Strike
2-1: Foul Ball, location: 2F
2-2: Strikes out swinging
Batting: LHB Rafael Soto 0-0: Ball
1-0: Foul Ball, location: 2F
1-1: Called Strike
1-2: Foul Ball, location: 2F
1-2: Ball
2-2: Ball
3-2: Base on Balls
Ernesto Valenzuela to second
Batting: RHB Kent Luper 0-0: Ball
1-0: Foul Ball, location: 2F
1-1: SINGLE (Line Drive, 7S, EV 91.2 MPH)
Ernesto Valenzuela to third
Rafael Soto to second
Runner from 3rd tries for Home, throw by LF and OUT! 7-2
Top of the 6th over - 1 run, 3 hits, 0 errors, 2 left on base; Levittown 1 - Delaware 1
BOTTOM OF THE 6TH
Delaware 1787 BC batting - Pitching for Levittown Blue Dragons : RHP Edward Martin
Batting: LHB Chandler Schroeder 0-0: Called Strike
0-1: Hit by Pitch
Batting: RHB Justin Schock 0-0: Ball
Chandler Schroeder is caught stealing 2nd base 2-4
1-0: Foul Ball, location: 2F
1-1: Foul Ball, location: 2F
1-2: Ball
2-2: Ball
3-2: Foul Ball, location: 2F
3-2: Fly out, F8 (Flyball, 89M, EV 90.0 MPH)
Batting: RHB Julián Zambrano 0-0: Called Strike
0-1: Ball
1-1: Ball
2-1: Foul Ball, location: 2F
2-2: Strikes out swinging
Bottom of the 6th over - 0 runs, 0 hits, 0 errors, 0 left on base; Levittown 1 - Delaware 1
TOP OF THE 7TH
Levittown Blue Dragons batting - Pitching for Delaware 1787 BC : RHP Foeke Reus
Batting: LHB Norm Williams 0-0: Foul Ball, location: 2F
0-1: Ball
1-1: Ball
2-1: DOUBLE (Groundball, 5L, EV 101.2 MPH)
Batting: RHB Aaron Attyte 0-0: Intentional Walk
Batting: SHB Daniel Washington 0-0: Sac Bunt to 13 - play at first, batter OUT! 1-4
Norm Williams to third
Aaron Attyte to second
Batting: RHB Eugene Parker 0-0: Foul Ball, location: 2F
0-1: Called Strike
0-2: Ball
1-2: Strikes out swinging
Batting: LHB Josh Hall 0-0: Ball
1-0: SINGLE (Groundball, 6M, EV 100.0 MPH)
Norm Williams scores
Aaron Attyte to third
Runner from 3rd tries for Home, SAFE, no throw by CF
Batting: LHB Ernesto Valenzuela 0-0: Ball
1-0: 2-RUN HOME RUN (Flyball, 8RXD, EV 94.4 MPH), Distance : 430 ft
Batting: RHB Frans Lissenberg 0-0: Ball
1-0: Ground out 6-3 (Groundball, 6, EV 81.2 MPH)
Top of the 7th over - 4 runs, 3 hits, 0 errors, 0 left on base; Levittown 5 - Delaware 1
BOTTOM OF THE 7TH
Delaware 1787 BC batting - Pitching for Levittown Blue Dragons : RHP Edward Martin
Pitching: RHP Shawn Adams
Batting: RHB Brian Thomas 0-0: Ball
1-0: Foul Ball, location: 2F
1-1: Foul Ball, location: 2F
1-2: Hit by Pitch
Batting: RHB Gabriel López 0-0: Foul Ball, location: 2F
0-1: Foul Ball, location: 2F
0-2: Foul Ball, location: 2F
0-2: Strikes out swinging
Batting: LHB Brian Webb 0-0: Ball
1-0: Fly out, F7 (Flyball, 7, EV 90.0 MPH)
Batting: RHB Mhelter Tejano 0-0: SINGLE (Flyball, 34D, EV 92.5 MPH)
Brian Thomas to second
Batting: LHB Luis Concepción 0-0: DOUBLE (Line Drive, 7LS, EV 110.6 MPH)
Brian Thomas scores
Mhelter Tejano to third
Runner from 3rd tries for Home, SAFE, no throw by LF
Batting: RHB Eduardo Lucciardi 0-0: Ball
1-0: Ball
2-0: Foul Ball, location: 2F
2-1: Foul Ball, location: 2F
2-2: Ball
Wild Pitch!
Luis Concepción to third
3-2: Base on Balls
Batting: LHB Chandler Schroeder 0-0: Called Strike
0-1: Ball
1-1: Ground out 4-3 (Groundball, 4, EV 78.1 MPH)
Bottom of the 7th over - 2 runs, 2 hits, 0 errors, 2 left on base; Levittown 5 - Delaware 3
TOP OF THE 8TH
Levittown Blue Dragons batting - Pitching for Delaware 1787 BC : RHP Foeke Reus
Batting: LHB Rafael Soto 0-0: Ball
1-0: Reached on error, E7 (Flyball, 78S, EV 83.8 MPH)
Pitching: RHP Dario Zorander
Batting: RHB Kent Luper 0-0: Called Strike
0-1: Ball
1-1: Called Strike
1-2: Strikes out swinging
Batting: LHB Norm Williams 0-0: Called Strike
0-1: Ball
1-1: Called Strike
1-2: Ball
2-2: Foul Ball, location: 2F
2-2: Foul Ball, location: 2F
2-2: Strikes out looking
Batting: RHB Aaron Attyte 0-0: Ball
1-0: Ball
2-0: Fielders Choice at 2nd, 6-4 (Groundball, 6MD, EV 101.2 MPH)
Top of the 8th over - 0 runs, 0 hits, 1 error, 1 left on base; Levittown 5 - Delaware 3
BOTTOM OF THE 8TH
Delaware 1787 BC batting - Pitching for Levittown Blue Dragons : RHP Shawn Adams
Now at 3B: Enrico Castañera
Now in CF: An-yi Zhou
Batting: RHB Justin Schock 0-0: Called Strike
0-1: Ball
1-1: Ground out 3-1 (Groundball, 34, EV 92.5 MPH)
Batting: RHB Julián Zambrano 0-0: Called Strike
0-1: SINGLE (Line Drive, 6D, EV 100.6 MPH)
Pitching: RHP Enreecko Rodriguez
Batting: RHB Brian Thomas 0-0: Grounds into double play, 5-4-3 (Groundball, 56, EV 83.1 MPH)
Bottom of the 8th over - 0 runs, 1 hit, 0 errors, 0 left on base; Levittown 5 - Delaware 3
TOP OF THE 9TH
Levittown Blue Dragons batting - Pitching for Delaware 1787 BC : RHP Dario Zorander
Batting: RHB An-yi Zhou 0-0: Called Strike
0-1: Ball
1-1: Ball
2-1: Swinging Strike
2-2: Ball
3-2: Strikes out swinging
Batting: RHB Eugene Parker 0-0: Ball
1-0: Ball
2-0: Ball
3-0: Called Strike
3-1: Base on Balls
Batting: LHB Josh Hall 0-0: Fielders Choice at 2nd, 4-6 (Groundball, 4, EV 105.0 MPH)
Batting: LHB Ernesto Valenzuela 0-0: Called Strike
0-1: Swinging Strike
0-2: Foul Ball, location: 2F
0-2: Ball
1-2: Ball
2-2: Strikes out looking
Top of the 9th over - 0 runs, 0 hits, 0 errors, 1 left on base; Levittown 5 - Delaware 3
BOTTOM OF THE 9TH
Delaware 1787 BC batting - Pitching for Levittown Blue Dragons : RHP Enreecko Rodriguez
Batting: RHB Gabriel López 0-0: Called Strike
0-1: Ball
1-1: Swinging Strike
1-2: Fly out, F7 (Flyball, 78D, EV 109.4 MPH)
Batting: LHB Brian Webb 0-0: Swinging Strike
0-1: Called Strike
0-2: Strikes out swinging
Batting: RHB Mhelter Tejano 0-0: Called Strike
0-1: Ball
1-1: Swinging Strike
1-2: Strikes out swinging
Bottom of the 9th over - 0 runs, 0 hits, 0 errors, 0 left on base; Levittown 5 - Delaware 3
Friday, March 26th, 2021 - OOTP Baseball 20.8 Build 74